 Seeded DCSS version 0.29.1-2-gbd0b4ee654 (webtiles) character file.

Game seed: 1 (custom seed)

103 Kazon the Grave Robber (level 4, -14/32 HPs)
             Began as a Mummy Necromancer on Oct 27, 2022.
             Killed by divine providence
             ... invoked by an orc priest
              (15 damage)
             ... on level 3 of the Dungeon.
             The game lasted 00:17:30 (1653 turns).

Kazon the Grave Robber (Mummy Necromancer)          Turns: 1653, Time: 00:17:31

Health: -14/32     AC:  6    Str: 13    XL:     4   Next: 51%
Magic:  1/9        EV: 27    Int: 14    God:
Gold:   206        SH:  0    Dex: 12    Spells: 3/9 levels left

rFire   x . .      SeeInvis .   b - staff of death
rCold   + . .      Faith    .   (no shield)
rNeg    + + +      Spirit   .   a - +0 robe
rPois   ∞          Reflect  .   f - +0 helmet
rElec   .          Harm     .   (no cloak)
rCorr   .          Rampage  .   (no gloves)
Will    .....                   g - +2 pair of boots
Stlth   ++........              c - amulet of the acrobat
HPRegen 0.10/turn               (no ring)
MPRegen 0.11/turn               (no ring)

@: acrobatic
A: cold resistance 1, negative energy resistance 3, torment resistance 2, heat
vulnerability 1, in touch with death 1, no potions
a: no special abilities


You were on level 3 of the Dungeon.
You visited 1 branch of the dungeon, and saw 3 of its levels.

You collected 206 gold pieces.

Inventory:

Hand Weapons
 e - a +2 dagger of venom
Missiles
 i - 21 stones
 j - a throwing net
 l - 3 boomerangs
Armour
 a - a +0 robe (worn)
 f - a +0 helmet (worn)
 g - a +2 pair of boots (worn)
Magical Staves
 b - a staff of death (weapon)
Jewellery
 c - an amulet of the acrobat (around neck)
Scrolls
 d - 5 scrolls of identify {unknown}
 h - a scroll of immolation {unknown}
 k - a scroll of fog {unknown}


   Skills:
 * Level 1.1 Fighting
 * Level 1.3 Staves
 * Level 1.8 Dodging
 + Level 1.7 Stealth
 + Level 3.4 Spellcasting
 + Level 4.8 Necromancy
 * Level 0.1 Evocations


You had 3 spell levels left.
You knew the following spells:

 Your Spells              Type           Power      Damage    Failure   Level
a - Necrotise             Necr           100%       1d9       2%          1
b - Vampiric Draining     Necr           36%        2d8       9%          3
c - Poisonous Vapours     Pois/Air       4%         N/A       30%         2

Your spell library contained the following spells:

 Spells                   Type           Power      Damage    Failure   Level
 Apportation              Tloc           4%         N/A       21%         1
 Sting                    Tmut/Pois      8%         1d3       21%         1
 Summon Small Mammal      Summ           8%         N/A       21%         1
 Animate Dead             Necr           36%        N/A       28%         4
 Agony                    Necr           36%        N/A       61%         5
 Olgreb's Toxic Radiance  Pois           2%         N/A       90%         4


Dungeon Overview and Level Annotations

Branches:
Dungeon (3/15)

Altars:

Shops:
D:3 (


Innate Abilities, Weirdness & Mutations

You are immune to poison.
Your flesh is cold resistant. (rC+)
You are immune to negative energy. (rN+++)
You are immune to unholy pain and torment.
You are vulnerable to heat. (rF-)
You are in touch with the powers of death.
You do not drink.


Message History

You hit the orc priest.
The orc priest is lightly wounded.
The orc priest hits you with a +0 flail.
Your orc skeleton barely misses the orc priest.
You barely miss the orc priest.
The orc priest is lightly wounded.
The orc priest hits you with a +0 flail!
Your orc skeleton hits the orc priest but does no damage.
You barely miss the orc priest.
The orc priest is lightly wounded.
The orc priest hits you with a +0 flail.
You hit the orc priest.
The orc priest is moderately wounded.
The orc priest hits you but does no damage.
Your orc skeleton hits the orc priest.
The orc priest invokes the aid of Beogh against you.
Beogh smites you!
You hit the orc priest but do no damage.
The orc priest is moderately wounded.
Your orc skeleton barely misses the orc priest.
The orc priest hits you with a +0 flail.
* * * LOW HITPOINT WARNING * * *
Casting: Necrotise (safe; 2% risk of failure)
Confirm with . or Enter, or press ? or * to list all spells.
Aiming: Necrotise (safe; 2% risk of failure)
Press: ? - help, Shift-Dir - straight line, f - orc priest
Aim: an orc priest, wielding a +0 flail (moderately wounded, ally target, chance to affect: 83%)
You feel a strong surge of power!
The orc priest writhes in agony!
Your orc skeleton misses the orc priest.
The orc priest hits you with a +0 flail.
* * * LOW HITPOINT WARNING * * *
Casting: Necrotise (safe; 2% risk of failure)
Confirm with . or Enter, or press ? or * to list all spells.
You don't have enough magic to cast this spell.
Unknown command.
Your orc skeleton closely misses the orc priest.
There is an open door here.
The orc priest invokes the aid of Beogh against you.
Beogh smites you!
You die...

............#..... ...
^...........#..........
............#..........#
.........#.#.#.#.#.....#
..............)........#
.........#.##)##.#.....#
...........#Z.o#.......#
.........#.)...'.#.....#
...#..#.#..#...#@..#
#.#.#.#..#.##+##.###
......##..........#
#.#.#.####.#.#.#.##
......# #########
#.#.#.# ......# #.#.###
....>#


You could see an orc priest (ally target) and a friendly orc skeleton.

Vanquished Creatures
  3 gnolls (D:2)
  2 adders (D:2)
  A worm (D:2)
  4 orcs (D:3)
  8 endoplasms
  A giant cockroach (D:1)
  7 goblins
  5 hobgoblins
  2 kobolds
  A quokka (D:1)
  2 ball pythons (D:2)
  3 bats
  2 frilled lizards (D:2)
  4 rats
45 creatures vanquished.

Vanquished Creatures (collateral kills)
  An endoplasm (D:2)
  A rat (D:3)
2 creatures vanquished.

Grand Total: 47 creatures vanquished

Notes
Turn   | Place    | Note
-------+----------+-------------------------------------------
     0 | D:1      | Kazon the Mummy Necromancer began the quest for the Orb.
     0 | D:1      | Reached XP level 1. HP: 13/13 MP: 4/4
    32 | D:1      | Identified a scroll of acquirement
    32 | D:1      | Acquired a staff of death
   144 | D:1      | Reached XP level 2. HP: 18/19 MP: 3/5
   880 | D:2      | Gained mutation: You are in touch with the powers of death.
                  | [Mummy growth]
   880 | D:2      | Reached XP level 3. HP: 7/24 MP: 3/7
   884 | D:2      | Learned a level 3 spell: Vampiric Draining
  1145 | D:2      | Learned a level 2 spell: Poisonous Vapours
  1236 | D:2      | Reached skill level 1 in Fighting
  1251 | D:2      | Reached skill level 1 in Staves
  1251 | D:2      | Reached XP level 4. HP: 20/32 MP: 1/9
  1446 | D:3      | Found Umat's Antique Weapon Boutique.
  1651 | D:3      | HP: 1/32 [orc priest/+0 flail (3)]
  1653 | D:3      | Killed from afar by an orc priest

Illustrated notes

Levels and vault maps discovered:
D:1:      dpeg_arrival_three_smaller_balls, layout_basic
D:2:      layout_loops_ring
D:3:      layout_basic, serial_shops, nicolae_shop_stone, st_stairs_9,
          minmay_misc_feat_doors, eino_curves_03, uniq_robin

Skill      XL: |  1  2  3 |
---------------+----------+-----
Spellcasting   | 3 |  3.4
Fighting       | 1 |  1.1
Staves         | 1 |  1.3
Dodging        | |  1.8
Stealth        | |  1.7
Necromancy     | |  4.8
Evocations     | |  0.1

Action                   |  1- 3 |  4- 6 || total
-------------------------+-------+-------++-------
Melee: Staff             |    48 |    12 ||    60
       Unarmed           |     2 |       ||     2
 Cast: Necrotise         |    41 |    16 ||    57
       Poisonous Vapours |     1 |       ||     1
  Use: Scroll            |     1 |       ||     1
 Stab: Sleeping          |     1 |     1 ||     2
Armor: Robe              |     6 |     2 ||     8
Dodge: Dodged            |    40 |     5 ||    45
